 Dungeon Crawl Stone Soup version 0.25-a0-835-gb37b1c2 (webtiles) character file.

Game seed: 9224288661151030606, levelgen mode: deterministic

2352 Illumine the Poker (level 9, -2/65 HPs)
             Began as a Merfolk Ice Elementalist on Apr 21, 2020.
             Killed by miscasting Hailstorm (20 damage)
             ... on level 7 of the Dungeon on Apr 23, 2020.
             The game lasted 00:19:32 (8203 turns).

Illumine the Poker (Merfolk Ice Elementalist)       Turns: 8203, Time: 00:19:33

Health: -2/65      AC:  3    Str:  8    XL:     9   Next: 43%
Magic:  2/17       EV: 15    Int: 18    God:
Gold:   316        SH:  0    Dex: 14    Spells: 3/18 levels left

rFire    . . .     SeeInvis .   x - +0 trident
rCold    . . .     Gourm    +   (no shield)
rNeg     + + .     Faith    .   a - +0 robe
rPois    .         Spirit   .   (no helmet)
rElec    .         Reflect  .   (no cloak)
rCorr    .         Harm     .   A - +0 pair of gloves
MR       .....                  (no boots)
Stlth    ++........             y - amulet of the gourmand
HPRegen  0.20/turn              i - ring of positive energy
MPRegen  0.15/turn              k - ring of positive energy

@: mesmerised, very slightly contaminated
A: change form in water, swift swim, stealthy swim
a: no special abilities


You were on level 7 of the Dungeon.
You were full.

You visited 2 branches of the dungeon, and saw 8 of its levels.

You collected 316 gold pieces.

Inventory:

Hand Weapons
 x - a +0 trident (weapon)
Missiles
 q - 28 poisoned darts (quivered)
Armour
 a - a +0 robe (worn)
 A - a +0 pair of gloves (worn)
Jewellery
 i - a ring of positive energy (left hand)
 k - a ring of positive energy (right hand)
 y - an amulet of the gourmand (around neck)
 C - an uncursed ring of flight {unknown}
Wands
 B - a wand of acid (5)
 F - a wand of polymorph (5)
Scrolls
 b - a scroll of enchant armour {unknown}
 d - 3 scrolls of fear {unknown}
 h - a scroll of blinking {unknown}
 l - 4 scrolls of remove curse {unknown}
 p - 6 scrolls of teleportation {unknown}
 r - a scroll of amnesia {unknown}
 s - 6 scrolls of identify {unknown}
 t - 4 scrolls of fog {unknown}
 w - a scroll of magic mapping {unknown}
 E - a scroll of holy word {unknown}
Potions
 e - 2 potions of brilliance {unknown}
 f - 2 potions of cancellation {unknown}
 g - a potion of lignification {unknown}
 j - 4 potions of curing {unknown}
 m - 2 potions of invisibility {unknown}
 n - a potion of resistance {unknown}
 o - 3 potions of might {unknown}
 u - a potion of heal wounds {unknown}
 v - 2 potions of magic {unknown}
 z - 2 potions of flight {unknown}
 D - a potion of stabbing {unknown}
 G - a potion of degeneration {unknown}
Comestibles
 c - 8 rations


   Skills:
 + Level 4.2 Fighting
 + Level 7.7 Polearms
 + Level 5.8 Dodging
 - Level 2.1 Stealth
 + Level 5.4 Spellcasting
 + Level 5.6 Charms
 + Level 7.4 Ice Magic


You had 3 spell levels left.
You knew the following spells:

 Your Spells              Type           Power        Failure   Level  Hunger
a - Freeze                Ice            ####         1%          1    None
b - Frozen Ramparts       Ice            ####..       1%          3    ##.....
c - Ozocubu's Armour      Chrm/Ice       ####....     2%          3    ##.....
d - Hailstorm             Conj/Ice       ###.....     26%         4    ####...
e - Summon Ice Beast      Ice/Summ       ###.....     26%         4    ####...

Your spell library contained the following spells:

 Spells                   Type           Power        Failure   Level  Hunger
 Magic Dart               Conj           #...         13%         1    None
 Searing Ray              Conj           #.....       19%         2    #......
 Dazzling Flash           Conj/Hex       #.....       36%         3    ##.....
 Fulminant Prism          Conj/Hex       #.........   77%         4    ####...
 Iskenderun's Mystic Bla  Conj/Tloc      #.......     77%         4    ####...


Dungeon Overview and Level Annotations

Branches:
Dungeon (7/15)             Temple (1/1) D:4

Altars:
Ashenzari
Cheibriados
Dithmenos
Elyvilon
Fedhas
Gozag
Hepliaklqana
Kikubaaqudgha
Nemelex Xobeh
Okawaru
Qazlal
Ru
Trog
Wu Jian
Xom
Yredelemnul
Zin

Shops:
D:7 [

Annotations:
D:7 Maggie


Message History

Unknown command.
Describe a (M)onster, (S)pell, s(K)ill, (A)bility, (C)ard, (I)tem, (F)eature, (G)od, (B)ranch, c(L)oud or s(T)atus?
Describe a status; partial names and regexps are fine.
Describe what?
Mesm Describe a (M)onster, (S)pell, s(K)ill, (A)bility, (C)ard, (I)tem, (F)eature, (G)od, (B)ranch, c(L)oud or s(T)atus?
Describe a (M)onster, (S)pell, s(K)ill, (A)bility, (C)ard, (I)tem, (F)eature, (G)od, (B)ranch, c(L)oud or s(T)atus?
Okay, then.
You cannot move away from Maggie!
Okay, then.
Cast which spell? (? or * to list)
Okay, then.
Cast which spell? (? or * to list)
Okay, then.
Okay, then.
Cast which spell? (? or * to list)
Okay, then.
Cast which spell? (? or * to list)
You miscast Hailstorm.
You are very lightly contaminated with residual magic.
The air around you crackles with energy!!
You die...

#####
########...#######
#.....@...(......
#.###.#.Y..(.#)# #
###.#.Y...#.##.#
........@.......##
.###>####.........
.###. ##.#.#..#
..##. #(#.# #.##.
##.#.# ..# #.#
##..).#...#


You could see Maggie and 2 friendly ice beasts.

Vanquished Creatures
  Pikel (D:6)
  Joseph (D:7)
  Sigmund (D:2)
  A black bear (D:6)
  An ice beast (D:5)
  3 slaves (D:6)
  2 phantoms
  4 ogres
  A bullfrog (D:6)
  4 scorpions
  A killer bee (D:7)
  A hound (D:5)
  3 orc priests
  A bullfrog skeleton (D:5)
  An iguana (D:5)
  2 orc wizards
  A worker ant (D:4)
  A worker ant zombie (D:7)
  7 gnolls (D:3)
  6 adders
  A howler monkey skeleton (D:6)
  2 shadow imps
  An ooze (D:5)
  An adder zombie (D:6)
  A worm (D:2)
  A dart slug (D:4)
  3 leopard geckos
  10 orcs
  7 giant cockroaches
  10 goblins
  3 hobgoblins
  8 jackals
  4 quokkas
  2 ball pythons
  2 bats
  7 frilled lizards
  2 kobolds
  3 rats
  A spectral orc (D:4)
112 creatures vanquished.

Vanquished Creatures (others)
  A quokka (D:2)
1 creature vanquished.

Grand Total: 113 creatures vanquished

Notes
Turn   | Place    | Note
-------+----------+-------------------------------------------
     0 | D:1      | Illumine the Merfolk Ice Elementalist began the quest for
                  | the Orb.
     0 | D:1      | Reached XP level 1. HP: 13/13 MP: 3/3
   352 | D:1      | Reached skill level 1 in Polearms
   377 | D:1      | Reached XP level 2. HP: 19/19 MP: 5/5
  1425 | D:2      | Noticed a scorpion
  1512 | D:2      | Noticed Sigmund
  1594 | D:2      | Reached XP level 3. HP: 15/24 MP: 6/6
  1730 | D:3      | Upgraded the game from 0.25-a0-834-g55863b0 to
                  | 0.25-a0-835-gb37b1c2
  1970 | D:3      | Learned a level 3 spell: Frozen Ramparts
  1974 | D:3      | Learned a level 3 spell: Ozocubu's Armour
  2017 | D:3      | Reached skill level 5 in Ice Magic
  2017 | D:3      | Reached XP level 4. HP: 14/30 MP: 1/8
  2260 | D:3      | Reached skill level 1 in Charms
  2775 | D:3      | Reached XP level 5. HP: 31/35 MP: 5/9
  3531 | D:4      | Found a staircase to the Ecumenical Temple.
  3539 | Temple   | Entered the Ecumenical Temple
  3726 | D:4      | Reached XP level 6. HP: 25/41 MP: 5/11
  4202 | D:4      | Found a basalt altar of Yredelemnul.
  4297 | D:4      | Noticed a phantom
  4373 | D:2      | Found an opulent altar of Gozag.
  4517 | D:2      | Killed Sigmund
  4614 | D:2      | Found a white marble altar of Elyvilon.
  4759 | D:2      | Reached skill level 5 in Polearms
  4759 | D:2      | Reached XP level 7. HP: 46/46 MP: 8/12
  4951 | D:4      | Found a shimmering altar of Xom.
  5031 | D:5      | Entered Level 5 of the Dungeon
  5071 | D:5      | Reached skill level 1 in Fighting
  5643 | D:5      | Reached XP level 8. HP: 32/56 MP: 12/14
  5848 | D:5      | Found a sacrificial altar of Ru.
  6468 | D:6      | Found a glowing silver altar of Zin.
  6827 | D:6      | Found a shattered altar of Ashenzari.
  7033 | D:6      | Found a hazy altar of Hepliaklqana.
  7157 | D:6      | Noticed Pikel
  7174 | D:6      | Killed Pikel
  7174 | D:6      | Reached skill level 5 in Dodging
  7174 | D:6      | Reached skill level 5 in Spellcasting
  7174 | D:6      | Reached skill level 5 in Charms
  7174 | D:6      | Reached XP level 9. HP: 58/64 MP: 7/16
  7180 | D:6      | Learned a level 4 spell: Hailstorm
  7185 | D:6      | Learned a level 4 spell: Summon Ice Beast
  7341 | D:7      | Noticed Joseph
  7824 | D:7      | Killed Joseph
  8122 | D:7      | Found Liesic's Armour Boutique.
  8189 | D:7      | Noticed Maggie
  8203 | D:7      | Killed by miscasting Hailstorm

Levels and vault maps discovered:
D:1:      ncdulo_halloftheorcs, layout_basic
D:2:      wander_river, layout_loops_ring,
          nicolae_gozag_cash_rules_everything_around_me, elyvilon_altar_4,
          uniq_terence, uniq_sigmund
D:3:      layout_rooms
D:4:      cheibrodos_quashed, layout_gridville, old_standard_altar,
          yredelemnul_forgotten_temple_becter, temple_fountains, first_ration
D:5:      layout_loops_ring, nicolae_overflow_crystal_walls,
          minmay_misc_feat_square
D:6:      layout_basic, lemuel_coloured_pillars_altar, kennysheep_mini_moat,
          zin_treasury, uniq_pikel
D:7:      minmay_angry_zag, layout_loops_ring, serial_shops, shop,
          nicolae_shop_competitors_out_of_business, kennysheep_mini,
          uniq_menkaure, uniq_harold, uniq_joseph, uniq_maggie
Temple:   nicolae_temple_figure_zero

Skill      XL: |  1  2  3  4  5  6  7  8  9 |
---------------+----------------------------+-----
Polearms       | 1 2 3 4 5 7 |  7.7
Ice Magic      | 5 6 7 |  7.4
Charms         | 1 2 3 5 |  5.6
Spellcasting   | 3 4 5 |  5.4
Dodging        | 3 5 |  5.8
Fighting       | 2 3 4 |  4.2
Stealth        | |  2.1

Action                   |  1- 3 |  4- 6 |  7- 9 || total
-------------------------+-------+-------+-------++-------
Melee: Spear             |    68 |    34 |       ||   102
       Halberd           |       |    30 |     8 ||    38
       Trident           |       |       |   171 ||   171
Throw: Dart              |     1 |    11 |    19 ||    31
 Cast: Freeze            |    11 |     4 |     4 ||    19
       Frozen Ramparts   |     2 |    14 |    25 ||    41
       Ozocubu's Armour  |       |       |     9 ||     9
       Summon Ice Beast  |       |       |     2 ||     2
Evoke: Wand              |       |       |     1 ||     1
 Stab: Sleeping          |     3 |     4 |     4 ||    11
  Eat: Chunk             |     4 |     6 |    20 ||    30
       Ration            |       |     1 |       ||     1
Armor: Robe              |    13 |     4 |    27 ||    44
Dodge: Dodged            |    44 |    33 |    98 ||   175

Table legend:
 A = Non-vault XP
 B = Vault XP
 C = Vault XP percentage of total XP
 D = Non-vault monster count
 E = Vault monster count
 F = Vault count percentage of total count
                 A         B        C        D         E       F
            +---------+---------+-------+---------+---------+-------
      Total |    1926 |    1435 |  42.7 |     102 |       7 |   6.4
            +---------+---------+-------+---------+---------+-------
        D:1 |      27 |       0 |   0.0 |      16 |       0 |   0.0
        D:2 |      89 |     212 |  70.4 |      12 |       1 |   7.7
        D:3 |     239 |       0 |   0.0 |      28 |       0 |   0.0
        D:4 |     118 |       1 |   0.8 |       6 |       1 |  14.3
        D:5 |     862 |       0 |   0.0 |      23 |       0 |   0.0
        D:6 |     319 |     629 |  66.4 |      12 |       1 |   7.7
        D:7 |     272 |     593 |  68.6 |       5 |       4 |  44.4
            +---------+---------+-------+---------+---------+-------
